 Dungeon Crawl Stone Soup version 0.17-a0-1714-g35622ae (webtiles) character file.

86 kae the Firebug (level 4, -7/24 HPs)
             Began as a Tengu Fire Elementalist on Aug 23, 2015.
             Mangled by a gnoll
             ... wielding a +0 halberd
              (12 damage)
             ... on level 2 of the Dungeon.
             The game lasted 00:02:10 (2103 turns).

kae the Firebug (Tengu Fire Elementalist)           Turns: 2103, Time: 00:02:10

Health: -7/24      AC:  2    Str:  8    XL:     4   Next: 49%
Magic:  5/8        EV: 12    Int: 16    God:
Gold:   124        SH:  0    Dex: 15    Spells: 1 memorised, 6 levels left

rFire  . . .     SeeInvis .     e - +0 short sword
rCold  . . .     Clarity  .     a - +0 robe
rNeg   . . .     SustAt   .     (no shield)
rPois  .         Gourm    .     (helmet restricted)
rElec  .         Spirit   .     (no cloak)
rCorr  .         Warding  .     (no gloves)
rMut   .         Stasis   .     (boots unavailable)
MR     .....                    (no amulet)
Stlth  ++........               (no ring)
                                (no ring)

@: not resistant to hostile enchantments, unstealthy
A: beak, talons 3
a: no special abilities


You were on level 2 of the Dungeon.
You were not hungry.

You visited 1 branch of the dungeon, and saw 2 of its levels.

You collected 124 gold pieces.

Inventory:

Hand weapons
 e - a +0 short sword (weapon)
Armour
 a - a +0 robe (worn)
Jewellery
 f - an uncursed ring of wizardry {unknown}
 q - an uncursed amulet of stasis {unknown}
Scrolls
 d - 2 scrolls of identify {unknown}
 h - a scroll of recharging {unknown}
 i - a scroll of remove curse {unknown}
 k - a scroll of fear {unknown}
 o - a scroll of fog {unknown}
Potions
 j - a potion of lignification {unknown}
 l - 2 potions of agility {unknown}
 m - 2 potions of curing {unknown}
 n - a potion of invisibility {unknown}
Books
 b - a book of Flames

   Spells                             Type                      Level
   a - Flame Tongue                   Conjuration/Fire             1
   b - Throw Flame                    Conjuration/Fire             2
   c - Conjure Flame                  Conjuration/Fire             3
   d - Inner Flame                    Hexes/Fire                   3
   e - Sticky Flame                   Conjuration/Fire             4
   f - Fireball                       Conjuration/Fire             5
Comestibles
 c - 2 bread rations
 g - 7 fruits
 r - a meat ration


   Skills:
 - Level 2.1 Dodging
 - Level 2.0 Stealth
 - Level 2.0 Spellcasting
 - Level 1.3 Conjurations
 + Level 5.6 Fire Magic


You had 6 spell levels left.
You knew the following spells:

 Your Spells              Type           Power        Failure   Level  Hunger
a - Flame Tongue          Conj/Fire      ##...        6%          1    #......


Dungeon Overview and Level Annotations

Branches:
Dungeon (2/15)

Altars:


Innate Abilities, Weirdness & Mutations

You have a beak for a mouth.
You have claws for feet.


Message History

The gnoll is heavily wounded.
The gnoll hits you with a halberd!
* * * LOW HITPOINT WARNING * * *
Casting: Flame Tongue
Confirm with . or Enter, or press ? or * to list all spells.
Aiming: Flame Tongue
Press: ? - help, Shift-Dir - straight line, f/p - gnoll
Aim: a gnoll, wielding a halberd (heavily wounded)
The flame tongue hits the gnoll.
The gnoll is severely wounded.
Casting: Flame Tongue
Confirm with . or Enter, or press ? or * to list all spells.
Aiming: Flame Tongue
Press: ? - help, Shift-Dir - straight line, f/p - gnoll
Aim: a gnoll, wielding a halberd (severely wounded)
The flame tongue hits the gnoll.
The gnoll is almost dead.
The gnoll hits you with a halberd!
Ouch! That really hurt!
You die...

###### .. .....# . ...<.#
#. .....# #.#.. .....#
#$.#.# .....# #....###
.....# #...g.## .....## #.
#@.## ......## #.###..#
.####..######....#.#####
...........####........#
######.###..###...####....
#............## ##
##..######....##
#....####.....#
###.##)...##.##.#


You could see a gnoll.

Vanquished Creatures
  Jessica (D:2)
  2 adders (D:2)
  A worm (D:2)
  A ball python (D:1)
  3 giant cockroaches
  5 goblins
  5 hobgoblins
  4 bats
  A giant gecko (D:1)
  5 giant newts
  9 kobolds
  4 rats
41 creatures vanquished.

Notes
Turn   | Place    | Note
--------------------------------------------------------------
     0 | D:1      | kae the Tengu Fire Elementalist began the quest for the Orb.
     0 | D:1      | Reached XP level 1. HP: 10/10 MP: 4/4
   779 | D:1      | Reached XP level 2. HP: 15/15 MP: 6/6
   808 | D:1      | Reached skill level 4 in Fire Magic
  1275 | D:2      | Reached XP level 3. HP: 19/19 MP: 5/7
  1691 | D:2      | Noticed Jessica
  1693 | D:2      | Killed Jessica
  1693 | D:2      | Reached skill level 5 in Fire Magic
  1693 | D:2      | Reached XP level 4. HP: 20/24 MP: 5/8
  2103 | D:2      | Mangled by a gnoll

Vault maps used:
D:1:      minmay_arrival_loop
D:2:      uniq_jessica

Action                   |  1- 3 |  4- 6 || total
-------------------------+-------+-------++-------
Melee: Unarmed           |     7 |       ||     7
       Short sword       |    39 |    15 ||    54
 Cast: Flame Tongue      |    38 |    17 ||    55
 Stab: Sleeping          |     3 |     2 ||     5
  Eat: Chunk             |     2 |     3 ||     5
